 Dungeon Crawl Stone Soup version 0.28.0-53-g5a82cb258f (webtiles) character file.

Game seed: 15371647863613128770

23027 Infinimo the Fighter (level 13, -9/148 HPs)
             Began as an Ogre Berserker on June 4, 2022.
             Was an Elder of Trog.
             Mangled by a spriggan rider
             ... wielding a +0 spear
              (16 damage)
             ... on level 3 of the Lair of Beasts.
             The game lasted 00:16:43 (18073 turns).

Infinimo the Fighter (Ogre Berserker)              Turns: 18073, Time: 00:16:43

Health: -9/148     AC:  7    Str: 32    XL:     13   Next: 4%
Magic:  13/13      EV: 12    Int:  8    God:    Trog [****..]
Gold:   615        SH:  0    Dex:  8    Spells: 12/12 levels left

rFire   + . .      SeeInvis .   A - +8 flail (venom)
rCold   . . .      Faith    .   (no shield)
rNeg    . . .      Spirit   .   b - +0 animal skin
rPois   +          Reflect  .   (helmet restricted)
rElec   .          Harm     .   u - +3 cloak of the Jabberwock {rCorr Str+4}
rCorr   +          Rampage  .   (gloves unavailable)
Will    +....                   (boots unavailable)
Stlth   +.........              (no amulet)
HPRegen 0.34/turn               f - ring of protection from fire
MPRegen 0.13/turn               r - ring of poison resistance

@: no status effects
A: large, unfitting armour, tough skin 1
a: Renounce Religion, Berserk, Trog's Hand, Brothers in Arms


You were on level 3 of the Lair of Beasts.
You worshipped Trog.
Trog was greatly pleased with you.
You visited 2 branches of the dungeon, and saw 14 of its levels.
You also visited: Bailey.

You collected 615 gold pieces.

Inventory:

Hand Weapons
 A - a +8 flail of venom (weapon)
 J - a +0 giant spiked club
Missiles
 d - 3 silver boomerangs (quivered)
 e - 11 boomerangs
 x - a curare-tipped dart
 y - 28 poisoned darts
Armour
 b - a +0 animal skin (worn)
 u - the +3 cloak of the Jabberwock (worn) {rCorr Str+4}
   (You found it in a bailey)

   Str:       It affects your strength (+4).
   rCorr:     It protects you from acid and corrosion.
Jewellery
 f - a ring of protection from fire (left hand)
 n - a ring of protection from cold
 r - a ring of poison resistance (right hand)
 s - a +4 ring of evasion
 v - a ring of protection from fire
Wands
 c - a wand of iceblast (9)
 h - a wand of flame (22)
 C - a wand of charming (15)
 D - a wand of digging (3)
 I - a wand of paralysis (10)
 N - a wand of polymorph (11)
Scrolls
 a - 2 scrolls of amnesia {unknown}
 j - a scroll of enchant armour
 k - 2 scrolls of identify
 p - 2 scrolls of fog {unknown}
 t - a scroll of noise
 B - a scroll of enchant weapon
 G - a scroll of acquirement {unknown}
 L - a scroll of silence
 M - a scroll of torment {unknown}
Potions
 g - 6 potions of flight
 l - 2 potions of ambrosia {unknown}
 m - 3 potions of degeneration
 o - 4 potions of mutation {unknown}
 q - 6 potions of heal wounds {unknown}
 w - a potion of haste {unknown}
 z - a potion of brilliance {unknown}
 E - a potion of resistance
 F - a potion of might
 H - a potion of curing
 K - 3 potions of cancellation
 O - a potion of magic {unknown}
 P - a potion of attraction {unknown}


   Skills:
 + Level 14.4 Fighting
 * Level 14.2 Maces & Flails
 + Level 10.4 Dodging


You had 12 spell levels left.
You didn't know any spells.
Your spell library was empty.

Dungeon Overview and Level Annotations

Branches:
Dungeon (11/15)            Temple (0/1) D:6            Lair (3/6) D:10
  Swamp (0/4) Lair:3       Spider (0/4) Lair:2       Bailey (visited)
    Orc: D:9-12

Altars:
Cheibriados
Elyvilon
Gozag
Hepliaklqana
Okawaru
Qazlal
Ru
Yredelemnul
The Shining One


Innate Abilities, Weirdness & Mutations

You are too large for most types of armour.
You have tough skin. (AC +1)


Message History

You hear an angry hiss.
The spriggan rider hits you from afar with a +0 spear!
The cane toad stings you!!
You sock the cane toad!
The cane toad is severely wounded.
A komodo dragon comes into view.
You barely miss the cane toad.
The cane toad is severely wounded.
The cane toad stings you!
You are poisoned.
The cane toad poisons you!
The spriggan rider hits you from afar with a +0 spear!!
You hear a shout!
As you read the scroll of fear, it crumbles to dust.
You assume a fearsome visage.
The komodo dragon looks frightened!
The spriggan rider resists with almost no effort.
The cane toad looks frightened!
The yak looks frightened!
You feel very sick.
The spriggan rider hits you from afar with a +0 spear.
* * * LOW HITPOINT WARNING * * *
Cornered, the cane toad turns to fight!
You feel very sick.
The spriggan rider hits you from afar with a +0 spear!
* * * LOW HITPOINT WARNING * * *
You barely miss the cane toad.
The cane toad is almost dead.
You feel sick. The cane toad closely misses you.
Cornered, the yak turns to fight!
Unknown command.
Okay, then.
As you read the scroll of identify, it crumbles to dust.
K - 3 potions of cancellation You feel sick.
The cane toad stings you!
* * * LOW HITPOINT WARNING * * *
The spriggan rider hits you from afar with a +0 spear!
* * * LOW HITPOINT WARNING * * *
Okay, then.
You feel better. The cane toad closely misses you.
The spriggan rider hits you from afar with a +0 spear!
You die...

♣♣♣♣♣♣ ♣♣....♣♣♣
♣♣♣♣♣♣♣..♣♣♣..♣♣♣
.........♣ ♣♣♣@F♣
♣♣♣♣♣...♣♣ ♣♣♣i.♣
♣...♣♣♣♣ ♣♣Y♣
♣♣..)))♣♣ .♣
♣....♣♣♣♣.♣♣ ♣
♣...♣♣♣ ♣♣.♣ ...
♣♣.♣ .♣ ♣♣..♣
♣.♣♣♣


You could see a spriggan rider, a yak and a cane toad (very poisoned).

Vanquished Creatures
  Harold (Lair:2)
  A hydra (Lair:1)
  3 two-headed ogres
  3 death yaks (D:10)
  An orb spider (Lair:2)
  A wizard (D:10)
  An orc knight (Bailey)
  3 black mambas
  5 cane toads
  A gargoyle (D:10)
  A rime drake (Lair:3)
  A kobold demonologist (D:7)
  5 komodo dragons
  2 trolls
  2 polar bears
  A hornet (Lair:3)
  5 blink frogs (Lair:2)
  A meliai zombie (D:8)
  8 spriggans (Lair:3)
  A wyvern (D:9)
  28 yaks
  A wraith (D:10)
  2 steam dragons
  2 basilisks
  Menkaure (D:6)
  An acid dragon (D:9)
  Edmund (D:6)
  7 water moccasins
  A black bear (Lair:2)
  5 orc warriors (Bailey)
  3 ogres
  4 wolves (Lair:1)
  A boggart (Lair:3)
  2 centaurs
  A phantom (D:6)
  3 kobold brigands
  Blork the orc (D:5)
  3 bullfrogs
  A gnoll sergeant (D:10)
  2 scorpions
  A wyvern zombie (D:9)
  2 jellies
  2 crimson imps
  2 centaur zombies
  3 hounds
  A centaur skeleton (D:6)
  A bullfrog zombie (D:5)
  Crazy Yiuf (D:2)
  3 orc priests
  A bullfrog skeleton (D:6)
  An iron imp (D:10)
  An iguana (D:7)
  A scorpion zombie (D:3)
  3 orc wizards
  Natasha (thrice) (D:2)
  A hell rat (D:10)
  A killer bee zombie (D:8)
  2 howler monkey zombies
  5 gnolls
  4 adders
  2 river rats (D:10)
  A shadow imp (D:7)
  4 white imps
  An adder zombie (D:3)
  2 worms (D:2)
  A dart slug (D:3)
  28 orcs
  3 endoplasms
  3 giant cockroaches
  10 goblins
  8 hobgoblins
  11 kobolds
  6 quokkas
  5 ball pythons
  A ball python zombie (D:3)
  2 bats
  5 frilled lizards
  2 goblin skeletons (D:4)
  2 goblin zombies (D:4)
  2 hobgoblin zombies (D:4)
  A kobold zombie (D:4)
  An orc skeleton (D:4)
  8 rats
265 creatures vanquished.

Vanquished Creatures (collateral kills)
  A bullfrog (D:8)
1 creature vanquished.

Vanquished Creatures (others)
  17 fungi
  12 plants
29 creatures vanquished.

Grand Total: 295 creatures vanquished

Notes
Turn   | Place    | Note
-------+----------+-------------------------------------------
     0 | D:1      | Infinimo the Ogre Berserker began the quest for the Orb.
     0 | D:1      | Reached XP level 1. HP: 24/24 MP: 1/1
   104 | D:1      | Reached XP level 2. HP: 19/32 MP: 2/2
   413 | D:1      | Reached XP level 3. HP: 40/40 MP: 3/3
   533 | D:1      | Reached ** piety under Trog
  1226 | D:2      | Reached XP level 4. HP: 41/49 MP: 4/4
  1436 | D:2      | Noticed Natasha
  1445 | D:2      | Killed Natasha
  1460 | D:2      | Noticed Natasha
  1470 | D:2      | HP: 2/49 [Natasha (5)]
  1471 | D:2      | Killed Natasha
  1472 | D:2      | Reached skill level 5 in Fighting
  1472 | D:2      | Reached XP level 5. HP: 2/57 MP: 5/5
  1802 | D:2      | Noticed Natasha
  1812 | D:2      | Killed Natasha
  1893 | D:2      | Found a runed translucent door.
  1894 | D:2      | Noticed Crazy Yiuf
  2128 | D:2      | Killed Crazy Yiuf
  2484 | D:3      | Found a basalt altar of Yredelemnul.
  2624 | D:3      | Reached XP level 6. HP: 57/66 MP: 6/6
  3366 | D:4      | Found a glowing golden altar of the Shining One.
  3652 | D:4      | Reached skill level 5 in Maces & Flails
  3760 | D:4      | Reached XP level 7. HP: 75/75 MP: 7/7
  4039 | D:5      | Entered Level 5 of the Dungeon
  4283 | D:5      | Noticed Blork the orc
  4290 | D:5      | Killed Blork the orc
  4973 | D:6      | Noticed Menkaure
  5005 | D:6      | Reached XP level 8. HP: 58/84 MP: 8/8
  5230 | D:6      | Noticed Edmund
  5238 | D:6      | Killed Edmund
  5239 | D:6      | Reached skill level 5 in Dodging
  5373 | D:6      | Found a white marble altar of Elyvilon.
  5417 | D:6      | Found a staircase to the Ecumenical Temple.
  5460 | D:6      | Killed Menkaure
  6036 | D:6      | Found a sacrificial altar of Ru.
  6231 | D:7      | Reached XP level 9. HP: 52/97 MP: 9/9
  6445 | D:7      | Found a hazy altar of Hepliaklqana.
  6454 | D:7      | Noticed a kobold demonologist
  6461 | D:7      | Noticed a hellwing
  6606 | D:7      | Noticed a smoke demon
  6610 | D:7      | Killed a kobold demonologist
  6774 | D:7      | Found an iron altar of Okawaru.
  7170 | D:8      | Found a flagged portal.
  7179 | Bailey   | Entered a bailey
  7233 | Bailey   | Reached *** piety under Trog
  7341 | Bailey   | Noticed an orc knight
  7372 | Bailey   | Killed an orc knight
  7672 | Bailey   | Reached XP level 10. HP: 86/110 MP: 10/10
  7952 | Bailey   | Reached skill level 10 in Fighting
  8270 | Bailey   | Identified the +3 cloak of the Jabberwock {rCorr Str+4}
  8395 | D:8      | Found a stormy altar of Qazlal.
  9162 | D:9      | Noticed a two-headed ogre
  9182 | D:9      | Killed a two-headed ogre
  9183 | D:9      | Reached skill level 10 in Maces & Flails
  9667 | D:9      | Noticed a two-headed ogre
  9674 | D:9      | Killed a two-headed ogre
 10378 | D:10     | Entered Level 10 of the Dungeon
 10384 | D:10     | Found an opulent altar of Gozag.
 10531 | D:10     | Noticed a two-headed ogre
 10537 | D:10     | Killed a two-headed ogre
 10921 | D:10     | Noticed a death yak
 10923 | D:10     | Found a staircase to the Lair.
 10923 | D:10     | Noticed a death yak
 10923 | D:10     | Noticed a death yak
 10932 | D:10     | Killed a death yak
 10933 | D:10     | Reached XP level 11. HP: 120/120 MP: 11/11
 10938 | D:10     | Killed a death yak
 10947 | D:10     | Killed a death yak
 11360 | D:10     | Noticed a wizard
 11371 | D:10     | Killed a wizard
 11993 | D:10     | Found a snail-covered altar of Cheibriados.
 12070 | D:11     | Noticed a two-headed ogre
 12291 | Lair:1   | Entered Level 1 of the Lair of Beasts
 12870 | Lair:1   | Noticed a six-headed hydra
 12877 | Lair:1   | Killed a six-headed hydra
 13594 | Lair:1   | Reached XP level 12. HP: 94/133 MP: 12/12
 14620 | Lair:2   | Found a hole to the Spider Nest.
 15209 | Lair:2   | Noticed Harold
 15817 | Lair:2   | Reached **** piety under Trog
 15839 | Lair:2   | HP: 5/137 [poisoned by a cane toad]
 15843 | Lair:2   | HP: 2/137 [poisoned by a cane toad]
 16303 | Lair:2   | Killed Harold
 16304 | Lair:2   | Reached skill level 10 in Dodging
 17253 | Lair:3   | Noticed a catoblepas
 17416 | Lair:3   | Found a staircase to the Swamp.
 17664 | Lair:3   | Reached XP level 13. HP: 20/148 MP: 13/13
 18072 | Lair:3   | HP: 1/148 [spriggan rider/+0 spear (12)]
 18073 | Lair:3   | Mangled by a spriggan rider

Illustrated notes

Levels and vault maps discovered:
D:1:      dpeg_arrival_simpleton_a, layout_rooms
D:2:      layout_basic, uniq_natasha, uniq_crazy_yiuf_cottage
D:3:      layout_basic, nicolae_yredelemnul_corpse_copse
D:4:      layout_cave_pools, nicolae_tso_besieged_by_evil
D:5:      layout_basic, minmay_misc_feat_alley, uniq_blork_the_orc
D:6:      layout_rooms, nicolae_ru_the_path_less_chosen, lemuel_crystal_altar,
          minmay_temple_entry_gardened_gates, uniq_edmund, uniq_menkaure
D:7:      layout_basic, mainiacjoe_overflow_brackets,
          kennysheep_okawaru_gauntlet, minmay_statues_item
D:8:      layout_gridville, lemuel_round_altar, enter_bailey_6
D:9:      layout_long_grid
D:10:     layout_loops_cross, slow_altar_2, grunt_gozag_statues,
          dpeg_lair_monsters, lightli_wizard_tower
D:11:     layout_basic, ploomutoo_gammafunk_ghost_potion_laboratory, uniq_erica
Lair:1:   layout_cave_pods, nicolae_quartered_pool_super
Lair:2:   layout_long_grid, nicolae_spider_entry_orb_guardian,
          grunt_megastairs_3, uniq_harold
Lair:3:   kb_forest_paths, layout_chaotic_city, swamp_mist_pool

Skill      XL: |  1  2  3  4  5  6  7  8  9 10 11 12 |
---------------+-------------------------------------+-----
Maces & Flails | 3 4 5 6 7 9 11 12 14 | 14.2
Dodging        | 3 4 5 6 8 9 10 | 10.4
Fighting       | 5 6 8 9 11 12 14 | 14.4

Action                   |  1- 3 |  4- 6 |  7- 9 | 10-12 | 13-15 || total
-------------------------+-------+-------+-------+-------+-------++-------
Melee: Mace              |    29 |       |       |       |       ||    29
       Punch             |     2 |     1 |     3 |     2 |       ||     8
       Whip              |    75 |   183 |    24 |       |       ||   282
       Flail             |       |       |   163 |   464 |    12 ||   639
Invok: Berserk           |     2 |     6 |     8 |    13 |       ||    29
Evoke: Wand              |       |       |     3 |       |       ||     3
  Use: Potion            |       |     1 |       |     1 |     1 ||     3
       Scroll            |       |     3 |     8 |     6 |     2 ||    19
 Stab: Sleeping          |     1 |       |     1 |       |       ||     2
Armor: Animal skin       |    39 |    45 |    42 |    93 |     2 ||   221
Dodge: Dodged            |    40 |    90 |   113 |   212 |     3 ||   458
